 Dungeon Crawl Stone Soup version 0.31.0-11-ge490571c62 (webtiles) character file.

Game seed: 5940104514003378928

306 qw the Skirmisher (level 6, -2/35 HPs)
             Began as a Deep Elf Hunter on Feb 4, 2024.
             Slain by Natasha (8 damage)
             ... on level 3 of the Dungeon.
             The game lasted 00:00:08 (2115 turns).

qw the Skirmisher (Deep Elf Hunter)                 Turns: 2115, Time: 00:00:09

Health: -2/35      AC:  5    Str: 10    XL:     6   Next: 16%
Magic:  8/8        EV: 11    Int: 14    God:
Gold:   124        SH:  0    Dex: 18    Spells: 5/5 levels left

rFire   . . .        a - +1 shortbow
rCold   . . .        (shield currently unavailable)
rNeg    . . .        e - +0 ring mail
rPois   .            (no helmet)
rElec   .            (no cloak)
rCorr   .            (no gloves)
SInv    .            (no boots)
Will    .....        f - amulet of the acrobat
Stlth   +            (no ring)
HPRegen 0.25/turn    (no ring)
MPRegen 0.11/turn

%: acrobat
@: lethally poisoned (-2 -> -7), about to teleport
A: no striking features
a: no special abilities


You were on level 3 of the Dungeon.
You visited 1 branch of the dungeon, and saw 3 of its levels.

You collected 124 gold pieces.


   Skills:
 - Level 2.0 Fighting
 + Level 9.6 Ranged Weapons
 - Level 2.4 Dodging
 - Level 1.2 Stealth


You had 5 spell levels left.
You didn't know any spells.
Your spell library was empty.

Inventory:

Hand Weapons
 a - a +1 shortbow (weapon)
Armour
 e - a +0 ring mail (worn)
Jewellery
 f - an amulet of the acrobat (around neck)
Potions
 d - a potion of curing
 h - a potion of enlightenment {unknown}

Dungeon Overview and Level Annotations

Branches:
Dungeon (3/15)

Altars:

Shops:
D:1 (

Annotations:
D:3 Natasha


Message History

An adder comes into view.
You shoot an arrow. The adder hisses angrily.
The arrow hits the adder.
The adder is heavily wounded.
You shoot an arrow. The arrow misses the adder.
You shoot an arrow. The arrow misses the adder.
You shoot an arrow. The arrow hits the adder.
The adder is heavily wounded.
You shoot an arrow. The arrow barely misses the adder.
You hear an angry hiss.
The adder misses you.
Natasha, Servant of Life and Death comes into view.
You shoot an arrow. The arrow barely misses the adder.
The adder barely misses you. The adder bites you.
You shoot an arrow. The arrow closely misses the adder.
The adder bites you but does no damage.
You shoot an arrow. The arrow closely misses the adder.
The adder bites you but does no damage.
You shoot an arrow. The arrow closely misses the adder.
The adder bites you.
You are poisoned.
The adder poisons you! Natasha claws you but does no damage.
The adder bites you.
You are more poisoned.
The adder poisons you!
You shoot an arrow. The arrow hits the adder!
You kill the adder!
You feel very sick. Natasha claws you! x2
You shoot an arrow.
The arrow hits Natasha but does no damage.
You feel very sick. Natasha completely misses you.
2115 ||| READING scroll of teleportation.
As you read the scroll of teleportation, it crumbles to dust.
You feel strangely unstable.
You feel sick. Natasha claws you!
You die...
Natasha curls up and begins to purr.

#..........
#......... #........
#....... .###......
.........
.......h#### #.@...#
##.##.# #.##.#
#.)..# .
###..######## ..
##....#...# #.
#.##.....## ..
######.####.#..####.
#...##.####.#.......


You could see Natasha.

Vanquished Creatures
  Sigmund (D:2)
  An orc priest (D:3)
  Natasha (D:3)
  2 adders
  2 dart slugs
  4 orcs (D:3)
  7 ball pythons
  11 endoplasms
  A giant cockroach (D:3)
  8 goblins
  10 hobgoblins
  3 quokkas
  5 bats
  A frilled lizard (D:1)
  7 kobolds
  6 rats
70 creatures vanquished.

Notes
Turn   | Place    | Note
-------+----------+-------------------------------------------
     0 | D:1      | qw the Deep Elf Hunter began the quest for the Orb.
     0 | D:1      | Reached XP level 1. HP: 12/12 MP: 3/3
     0 | D:1      | 0 ||| qw: Version: 0.3-a-160-g6735b56
     0 | D:1      | 0 ||| qw: Game counter: 5177
     0 | D:1      | 0 ||| qw: Melee chars always use a shield: true
     0 | D:1      | 0 ||| qw: God list: Okawaru
     0 | D:1      | 0 ||| qw: Allow faded altars: false
     0 | D:1      | 0 ||| qw: Do Orc after clearing Dungeon:15 true
     0 | D:1      | 0 ||| qw: Do second Lair branch before Depths: true
     0 | D:1      | 0 ||| qw: Lair rune preference: random
     0 | D:1      | 0 ||| qw: Goals: Normal
     0 | D:1      | 0 ||| PLANNING D:1-11
    53 | D:1      | Reached skill level 6 in Ranged Weapons
    53 | D:1      | Reached XP level 2. HP: 15/16 MP: 4/4
   151 | D:1      | Found Woafetid's Weapon Boutique.
   165 | D:1      | Reached XP level 3. HP: 9/20 MP: 5/5
   488 | D:1      | Reached skill level 7 in Ranged Weapons
   628 | D:1      | 628 ||| UPGRADING to amulet of the acrobat.
   633 | D:1      | 633 ||| READING scroll labelled GYMMEN UNIME.
   633 | D:1      | 633 ||| ENCHANTING +0 shortbow.
   634 | D:1      | 634 ||| READING scroll labelled SUVVENUUFI.
   635 | D:1      | 635 ||| READING scroll labelled WAC ADAVAN.
   639 | D:1      | 639 ||| DROPPING scroll of butterflies.
   698 | D:2      | 698 ||| FLEEEEING.
   846 | D:2      | Reached XP level 4. HP: 25/25 MP: 6/6
  1047 | D:2      | Identified the +6 spear of the Invisible Xalams {freeze,
                  | rElec rF+++ rCorr Int-3}
  1136 | D:2      | Noticed Sigmund
  1141 | D:2      | Killed Sigmund
  1142 | D:2      | Reached skill level 9 in Ranged Weapons
  1142 | D:2      | Reached XP level 5. HP: 27/29 MP: 7/7
  1416 | D:2      | 1416 ||| UPGRADING to +0 ring mail.
  1426 | D:2      | 1426 ||| DROPPING +0 leather armour.
  1427 | D:2      | 1427 ||| READING scroll labelled LUET XUBALI.
  1528 | D:2      | 1528 ||| DRINKING 2 fuming brown potions.
  1529 | D:2      | 1529 ||| DRINKING 2 amethyst potions.
  1530 | D:2      | 1530 ||| DROPPING potion of brilliance.
  1631 | D:3      | Noticed Natasha
  1640 | D:3      | Killed Natasha
  1650 | D:3      | 1650 ||| FLEEEEING.
  1657 | D:3      | Reached XP level 6. HP: 23/35 MP: 8/8
  1657 | D:3      | 1657 ||| FLEEEEING.
  1658 | D:3      | 1658 ||| FLEEEEING.
  1659 | D:3      | 1659 ||| FLEEEEING.
  1662 | D:3      | 1662 ||| FLEEEEING.
  1665 | D:3      | 1665 ||| FLEEEEING.
  1666 | D:3      | 1666 ||| FLEEEEING.
  1667 | D:3      | 1667 ||| FLEEEEING.
  1668 | D:3      | 1668 ||| FLEEEEING.
  1669 | D:3      | 1669 ||| FLEEEEING.
  1670 | D:3      | 1670 ||| FLEEEEING.
  1671 | D:3      | 1671 ||| STAIRDANCE
  2073 | D:3      | 2073 ||| FLEEEEING.
  2108 | D:3      | Noticed Natasha
  2114 | D:3      | HP: 8/35 [poisoned by an adder]
  2115 | D:3      | 2115 ||| READING scroll of teleportation.
  2115 | D:3      | Slain by Natasha

Levels and vault maps discovered:
D:1:      shiori_arrival_oz, layout_basic, serial_shops, shop,
          amcnicky_mini_pool_small, st_stairs_14, minmay_close_crescents
D:2:      layout_basic, serial_rivers, chequers_serial_rivers_room_b,
          chequers_serial_rivers_large_b, chequers_serial_rivers_small_a,
          chequers_serial_rivers_micro_c, chequers_serial_rivers_room_a,
          chequers_serial_rivers_small_3, fountainhead, uniq_sigmund
D:3:      layout_basic, shapermc_ecumenical_altar_gd, uniq_natasha

Skill      XL: |  1  2  3  4  5 |
---------------+----------------+-----
Ranged Weapons | 6 7 9 |  9.6
Fighting       | 2 |  2.0
Dodging        | |  2.4
Stealth        | |  1.2

Action                     |  1- 3 |  4- 6 || total
---------------------------+-------+-------++-------
   Fire: Shortbow          |   133 |    76 ||   209
    Use: Scroll            |     3 |     2 ||     5
         Potion            |       |     2 ||     2
 Armour: Leather armour    |    21 |     2 ||    23
         Ring mail         |       |    18 ||    18
  Dodge: Dodged            |    38 |    18 ||    56

Table legend:
 A = Non-vault XP
 B = Vault XP
 C = Vault XP percentage of total XP
 D = Non-vault monster count
 E = Vault monster count
 F = Vault count percentage of total count
                 A         B        C        D         E       F
            +---------+---------+-------+---------+---------+-------
      Total |     175 |     263 |  60.0 |      61 |       9 |  12.9
            +---------+---------+-------+---------+---------+-------
        D:1 |      56 |      14 |  20.0 |      34 |       7 |  17.1
        D:2 |      36 |     214 |  85.6 |      13 |       1 |   7.1
        D:3 |      83 |      35 |  29.7 |      14 |       1 |   6.7
            +---------+---------+-------+---------+---------+-------
